AoeStats
← TheBunjiMunji

Arabia

510206154Analyzed
4v4 RM · 15h ago on Sep 29, 2026· 67m 49s· 8 players
Game mode
Random Map
Map size
Large (8 player)
Population
200
Speed
Normal
Resources
Standard
Victory
Conquest
Starting age
Dark Age
Ending age
Imperial Age
RankedLock teamsTeams togetherTeam positionsShared explorationLock speedFull tech treeHidden civsTurbo modeCheats
Victory
Defeat
🇪🇸 Huns · Spain
886
+11
🇬🇧 Georgians · United Kingdom
864
+12
🇦🇷 Malay · Argentina
831
+13
🇩🇪 Burgundians · Germany
808
+13
🇧🇷 Franks · Brazil
825
-16
🇧🇷 Varangians · Brazil
768
-12
🇧🇷 Burgundians · Brazil
766
-12
🇧🇷 Teutons · Brazil
689
-9
TheBunjiMunji
3:35 Loom
11:56 Feudal Age
17:12 Castle Age
15:09 Horse Collar
16:03 Double-Bit Axe
18:47 Town Watch
25:13 Fletching
28:53 Ballistics
32:40 Heavy Plow
33:05 Bow Saw
34:51 Bodkin Arrow
50:42 Wheelbarrow
50:42 Town Patrol
51:16 Svan Towers
56:04 Imperial Age
56:24 Hand Cart
56:15 Caravan
57:51 Bracer
58:34 Guard Tower
58:30 Arrowslits
60:41 Chemistry
60:18 Keep
64:02 Crop Rotation
63:24 Gold Mining
63:25 Stone Mining
64:13 Padded Archer Armor
64:16 Murder Holes
64:03 Treadmill Crane
64:37 Fortified Wall
64:38 Masonry
halil_guvenc
0:35 Loom
8:43 Wheelbarrow
11:34 Feudal Age
10:14 Double-Bit Axe
16:01 Bow Saw
20:23 Forging
20:13 Scale Mail Armor
25:47 Castle Age
23:57 Fishing Lines
24:17 Gold Mining
26:39 Squires
37:52 Imperial Age
38:01 Scale Barding Armor
42:51 Conscription
44:29 Iron Casting
44:10 Chain Mail Armor
45:23 Burgundian Vineyards
48:51 Chemistry
47:48 Gillnets
48:18 Hand Cart
55:34 Husbandry
54:54 Cavalier
61:42 Blast Furnace
DrMantisToboggan
10:46 Feudal Age
11:11 Double-Bit Axe
11:12 Loom
13:17 Horse Collar
20:46 Castle Age
22:53 Heavy Plow
23:20 Bow Saw
23:17 Pikeman
24:02 Gold Mining
25:30 Wheelbarrow
24:49 Stone Mining
26:03 Gold Shaft Mining
26:16 Fletching
26:26 Padded Archer Armor
27:04 Squires
28:31 Bodkin Arrow
28:53 Leather Archer Armor
29:52 Husbandry
30:03 Bloodlines
31:35 Thumb Ring
32:07 Ballistics
35:26 Imperial Age
37:36 Parthian Tactics
36:32 Heavy Cavalry Archer
37:33 Bracer
38:36 Chemistry
38:07 Conscription
40:10 Caravan
41:02 Marauders
40:23 Elite Tarkan
41:15 Forging
41:10 Scale Barding Armor
46:56 Iron Casting
46:59 Chain Barding Armor
Dank
1:06 Loom
10:52 Feudal Age
16:25 Castle Age
23:39 Pikeman
24:19 Squires
25:43 Double-Bit Axe
30:19 Fletching
30:39 Forging
30:35 Town Watch
31:06 Bodkin Arrow
40:17 Imperial Age
38:10 Horse Collar
38:45 Man-at-Arms
40:44 Forced Levy
40:47 Long Swordsman
42:41 Iron Casting
41:46 Two-Handed Swordsman
47:00 Arson
48:00 Heavy Plow
53:59 Halberdier
58:10 Blast Furnace
67:03 Bracer
Paulino
10:46 Feudal Age
9:01 Loom
17:27 Bloodlines
19:55 Scale Barding Armor
21:28 Forging
26:37 Castle Age
28:13 Iron Casting
27:58 Chain Barding Armor
27:45 Husbandry
28:12 Gold Mining
28:13 Stone Mining
28:10 Horse Collar
33:54 Arson
42:02 Imperial Age
44:14 Blast Furnace
44:24 Plate Barding Armor
46:09 Cavalier
53:52 Elite Jarl
67:40 Gambesons
67:16 Elite Varangian Guard
Samurai_z
6:53 Loom
11:03 Feudal Age
11:30 Double-Bit Axe
18:12 Scale Barding Armor
18:52 Forging
23:51 Castle Age
22:12 Fletching
22:22 Padded Archer Armor
23:21 Gold Mining
24:17 Wheelbarrow
23:57 Padded Archer Armor
24:51 Bow Saw
24:58 Husbandry
25:34 Stone Mining
28:03 Town Watch
28:12 Arson
28:55 Bodkin Arrow
29:02 Scale Mail Armor
31:06 Gold Shaft Mining
31:20 Iron Casting
33:39 Leather Archer Armor
33:46 Chain Barding Armor
33:29 Elite Skirmisher
34:45 Gambesons
34:21 Man-at-Arms
36:42 Chain Mail Armor
38:50 Hand Cart
42:43 Ordonnance Companies
47:41 Imperial Age
45:44 Murder Holes
47:25 Ballistics
48:05 Town Patrol
48:35 Squires
47:56 Pikeman
aLaN_DiCKSoN
5:23 Loom
10:48 Feudal Age
24:00 Castle Age
24:03 Crossbowman
24:03 Elite Skirmisher
24:05 Cavalier
24:40 Double-Bit Axe
28:48 Husbandry
31:39 Bow Saw
31:24 Gold Mining
34:51 Forging
34:47 Scale Barding Armor
34:39 Fletching
34:49 Padded Archer Armor
36:57 Scale Barding Armor
37:28 Iron Casting
39:05 Padded Archer Armor
42:17 Two-Man Saw
43:44 Horse Collar
45:34 Stone Mining
46:20 Leather Archer Armor
47:52 Scale Mail Armor
49:36 Pikeman
50:17 Squires
51:46 Wheelbarrow
50:59 Town Watch
52:06 Chain Barding Armor
52:02 Chain Mail Armor
56:07 Burgundian Vineyards
57:52 Burgundian Vineyards
59:13 Heavy Plow
59:51 Gold Shaft Mining
59:52 Stone Shaft Mining
59:21 Guard Tower
59:42 Masonry
wesley1611
12:23 Feudal Age
14:00 Man-at-Arms
14:54 Horse Collar
15:55 Double-Bit Axe
17:03 Forging
18:20 Scale Mail Armor
20:19 Scale Barding Armor
20:43 Padded Archer Armor
21:24 Gold Mining
21:59 Arson
22:17 Stone Mining
26:51 Castle Age
26:26 Fletching
28:51 Long Swordsman
29:33 Squires
37:09 Stone Shaft Mining
37:02 Bow Saw
36:57 Heavy Plow
38:51 Town Watch
39:42 Wheelbarrow
39:56 Ironclad
43:46 Town Patrol
44:02 Hand Cart
51:52 Pikeman
52:19 Gambesons
52:52 Chain Mail Armor
52:33 Bodkin Arrow
53:16 Iron Casting
58:54 Imperial Age
58:55 Ballistics
58:42 Siphons
Connection lost

Rejoining the realm…

Still unreachable

The connection could not be restored.

Session expired

The server has moved on; the page needs a fresh start.